 Dungeon Crawl Stone Soup version 0.21.0 (webtiles) character file.

126 Drusha21 the Firebug (level 5, 0/57 HPs)
             Began as a Hill Orc Fire Elementalist on Mar 6, 2018.
             Slain by a scorpion (5 damage)
             ... on level 4 of the Dungeon.
             The game lasted 00:17:51 (3411 turns).

Drusha21 the Firebug (Hill Orc Fire Elementalist)   Turns: 3411, Time: 00:17:52

Health: 0/57       AC: 22    Str: 11    XL:     5   Next: 10%
Magic:  1/8        EV:  2    Int: 16    God:
Gold:   118        SH:  0    Dex: 16    Spells: 5/8 levels left

rFire    . . .     SeeInvis .   k - +0 short sword (flame)
rCold    . . .     Gourm    .   (no shield)
rNeg     + + +     Faith    .   (armour currently unavailable)
rPois    +         Spirit   .   (helmet currently unavailable)
rElec    .         Reflect  .   (cloak currently unavailable)
rCorr    .         Harm     .   (gloves currently unavailable)
MR       +....     NoTele   +   (boots currently unavailable)
Stlth    +++.......             (no amulet)
HPRegen  0.19/turn              x - ring of protection from magic
MPRegen  0.11/turn              (no ring)

@: agile, lethally poisoned (0 -> -12), tree-form
A: no striking features
a: no special abilities


You were on level 4 of the Dungeon.
You were hungry.
You were a tree.
You visited 1 branch of the dungeon, and saw 4 of its levels.

You collected 118 gold pieces.

Inventory:

Hand Weapons
 d - a +0 dagger
 k - a +0 short sword of flaming (weapon)
 r - a +0 dagger of speed
Armour
 a - a +0 robe (melded)
Jewellery
 x - a ring of protection from magic (left branch)
Scrolls
 f - 3 scrolls of remove curse {unknown}
 i - 2 scrolls of enchant weapon {unknown}
 j - 2 scrolls of teleportation {unknown}
 m - 7 scrolls of identify {unknown}
 p - a scroll of blinking {unknown}
 t - a scroll of random uselessness {unknown}
 u - a scroll of enchant armour {unknown}
 v - a scroll of fear {unknown}
Potions
 e - a potion of agility
 g - a potion of degeneration {unknown}
 h - a potion of lignification
 l - 4 potions of mutation {unknown}
 o - 3 potions of curing {unknown}
 q - a potion of cancellation {unknown}
 s - a potion of magic {unknown}
Books
 b - a book of Flames

   Spells                             Type                      Level
   a - Flame Tongue                   Conjuration/Fire             1
   b - Throw Flame                    Conjuration/Fire             2
   c - Conjure Flame                  Conjuration/Fire             3
   d - Inner Flame                    Hexes/Fire                   3
   e - Sticky Flame                   Conjuration/Fire             4
   f - Fireball                       Conjuration/Fire             5
 n - a book of Minor Magic

   Spells                             Type                      Level
   a - Magic Dart                     Conjuration                  1
   b - Blink                          Translocation                2
   c - Call Imp                       Summoning                    2
   d - Slow                           Hexes                        2
   e - Conjure Flame                  Conjuration/Fire             3
   f - Mephitic Cloud                 Conjuration/Poison/Air       3
Comestibles
 c - 5 rations
 w - a chunk of flesh


   Skills:
 + Level 0.2 Fighting
 + Level 0.1 Short Blades
 + Level 2.1 Dodging
 + Level 2.0 Stealth
 + Level 1.0 Unarmed Combat
 + Level 2.4 Spellcasting
 + Level 2.1 Conjurations
 + Level 4.0 Fire Magic


You had 5 spell levels left.
You knew the following spells:

 Your Spells              Type           Power        Failure   Level  Hunger
a - Flame Tongue          Conj/Fire      ##...        5%          1    #......
b - Throw Flame           Conj/Fire      ##....       9%          2    ###....


Dungeon Overview and Level Annotations

Branches:
Dungeon (4/15)
 Temple: D:4-7

Altars:
Dithmenos
Yredelemnul
The Shining One


Message History

You barely miss the scorpion.
The scorpion is almost dead.
* * * LOW HITPOINT WARNING * * *
You feel sick. The scorpion misses you.
You hit the scorpion but do no damage.
The scorpion is almost dead.
* * * LOW HITPOINT WARNING * * *
You feel sick. The scorpion stings you.
* * * LOW HITPOINT WARNING * * *
You are more poisoned.
The scorpion poisons you!
It was a potion of agility.
You feel agile all of a sudden.
* * * LOW HITPOINT WARNING * * *
You feel sick. The scorpion closely misses you.
It was a potion of lignification.
You turn into a tree.
Your +0 robe melds into your body.
Your roots penetrate the ground.
* * * LOW HITPOINT WARNING * * *
You feel sick. The scorpion stings you.
You die...

#...# #...# #...# #
#####...####.#.
...............
....$........[.
........s...... #..♣#
#..<# #...# #...#
#...# ###...#####
##### #.........#####
#...####.#######.....#
#......#.# #.###.#


You could see a scorpion.

Vanquished Creatures
  A scorpion (D:4)
  2 adders (D:2)
  An ooze (D:2)
  A worm (D:2)
  A dart slug (D:2)
  3 leopard geckos (D:2)
  An orc (D:3)
  5 bats
  3 giant cockroaches
  7 hobgoblins
  7 kobolds
  A quokka (D:3)
  3 ball pythons
  3 frilled lizards
  6 goblins
45 creatures vanquished.

Notes
Turn   | Place    | Note
-------+----------+-------------------------------------------
     0 | D:1      | Drusha21 the Hill Orc Fire Elementalist began the quest for the Orb.
     0 | D:1      | Reached XP level 1. HP: 14/14 MP: 3/3
   496 | D:1      | Reached XP level 2. HP: 20/20 MP: 2/4
  1502 | D:2      | Reached XP level 3. HP: 26/26 MP: 3/5
  1728 | D:2      | Found a shadowy altar of Dithmenos.
  1999 | D:2      | Found a basalt altar of Yredelemnul.
  2050 | D:2      | Reached skill level 1 in Unarmed Combat
  2411 | D:2      | Reached XP level 4. HP: 33/33 MP: 4/7
  2471 | D:2      | Found a glowing golden altar of the Shining One.
  3344 | D:4      | Reached skill level 4 in Fire Magic
  3344 | D:4      | Reached XP level 5. HP: 38/38 MP: 4/8
  3348 | D:4      | Learned a level 2 spell: Throw Flame
  3411 | D:4      | Slain by a scorpion

Skill      XL: |  1  2  3  4 |
---------------+-------------+-----
Dodging        | 2 |  2.1
Spellcasting   | 2 |  2.4
Unarmed Combat | 1 |  1.0
Stealth        | 2 |  2.0
Conjurations   | 2 |  2.1
Fire Magic     | 4 |  4.0
Fighting       | |  0.2
Short Blades   | |  0.1

Action                   |  1- 3 |  4- 6 || total
-------------------------+-------+-------++-------
Melee: Unarmed           |    17 |       ||    17
       Dagger            |    13 |       ||    13
       Short sword       |       |    27 ||    27
 Cast: Flame Tongue      |    56 |    24 ||    80
       Throw Flame       |       |     4 ||     4
  Use: Potion            |       |     2 ||     2
 Stab: Sleeping          |       |     2 ||     2
  Eat: Chunk             |     5 |     4 ||     9
Armor: Robe              |     5 |     8 ||    13
Dodge: Dodged            |    42 |    19 ||    61
